 Dungeon Crawl Stone Soup version 0.18.1-47-g9310371 (webtiles) character file.

43 Legadrian the Sneak (level 3, 0/28 HPs)
             Began as a Formicid Assassin on June 22, 2016.
             Killed from afar by Jessica (7 damage)
             ... with a wand of flame
             ... on level 2 of the Dungeon.
             The game lasted 00:15:02 (1105 turns).

Legadrian the Sneak (Formicid Assassin)             Turns: 1105, Time: 00:15:02

Health: 0/28       AC:  4    Str: 15    XL:     3   Next: 82%
Magic:  3/3        EV: 11    Int: 10    God:
Gold:   53         SH:  0    Dex: 13    Spells: 0 memorised, 2 levels left

rFire  . . .     SeeInvis +     a - +2 dagger
rCold  . . .     Gourm    .     n - +0 leather armour
rNeg   . . .     Faith    .     (no shield)
rPois  .         Spirit   .     (helmet unavailable)
rElec  .         Dismiss  .     d - +0 cloak
rCorr  .         Reflect  .     (no gloves)
SustAt .         Harm     .     (no boots)
MR     .....                    (no amulet)
Stlth  +++.......               (no ring)
                                (no ring)

@: not resistant to hostile enchantments, fairly stealthy
A: permanent stasis, dig shafts and tunnels, four strong arms, antennae 3
a: Dig, Shaft Self


You were on level 2 of the Dungeon.
You were not hungry.

You visited 1 branch of the dungeon, and saw 2 of its levels.

You collected 53 gold pieces.

Inventory:

Hand Weapons
 a - a +2 dagger (weapon)
 b - a +0 blowgun
Missiles
 e - 23 poisoned needles
 f - 2 curare-tipped needles
Armour
 c - a +0 robe
 d - a +0 cloak (worn)
 n - a +0 leather armour (worn)
Scrolls
 j - a scroll of identify
 k - 3 scrolls of random uselessness {unknown}
 m - a scroll of magic mapping {unknown}
Potions
 h - a potion of curing {unknown}
 i - a potion of magic
Comestibles
 g - a bread ration
 l - a chunk of flesh


   Skills:
 - Level 2.3 Fighting
 - Level 2.0 Short Blades
 + Level 3.1 Throwing
 + Level 0.9 Armour
 - Level 0.8 Dodging
 - Level 5.3 Stealth


You had 2 spell levels left.
You didn't know any spells.

Dungeon Overview and Level Annotations

Branches:
Dungeon (2/15)

Altars:
Gozag

Annotations:
D:2 Jessica


Innate Abilities, Weirdness & Mutations

You are under a permanent stasis effect.
You can dig through walls and to a lower floor.
Your four strong arms can wield two-handed weapons with a shield.
You have a pair of large antennae on your head (SInv).


Message History

Jessica zaps a wand.
The puff of flame hits you!
It is a wand of flame.
Jessica barely misses you.
You hit Jessica.
Jessica is severely wounded.
Jessica hits you but does no damage.
You hit Jessica but do no damage.
Jessica is severely wounded.
Jessica misses you.
You hit Jessica.
Jessica is almost dead.
Jessica zaps a wand.
The puff of flame hits you! Jessica hits you with a club.
* * * LOW HITPOINT WARNING * * *
You completely miss Jessica.
Jessica is almost dead.
Jessica mumbles some strange words.
Jessica blinks!
Jessica points at you and mumbles some strange words.
Your stasis keeps you stable.
Jessica zaps a wand.
The puff of flame hits you!
You die...

........# #.#
..#......
............
.........
.......@###
..#####.. ....=...#
#.. ##. ........#
#.# #.
........####.#######
## ...............
.....### .......ยง#
##.# #....
#######@###..# ####.
#.......#######....
#.....).........###
##.......#########
#.....#### #.....#
#.....# #....##
#../.#


You could see Jessica.

Vanquished Creatures
  2 adders (D:2)
  A giant cockroach (D:1)
  3 goblins
  3 hobgoblins
  3 jackals (D:2)
  7 bats
  A giant newt (D:1)
  4 kobolds
  2 rats
26 creatures vanquished.

Notes
Turn   | Place    | Note
--------------------------------------------------------------
     0 | D:1      | Legadrian the Formicid Assassin began the quest for the Orb.
     0 | D:1      | Reached XP level 1. HP: 16/16 MP: 1/1
    43 | D:1      | Reached skill level 5 in Stealth
   163 | D:1      | Reached XP level 2. HP: 23/23 MP: 2/2
   448 | D:2      | Reached XP level 3. HP: 16/28 MP: 3/3
  1049 | D:2      | Found an opulent altar of Gozag.
  1098 | D:2      | Noticed Jessica
  1105 | D:2      | Killed from afar by Jessica

Skill      XL: |  1  2  3 |
---------------+----------+-----
Stealth        | 5 |  5.3
Throwing       | 3 |  3.1
Fighting       | |  2.3
Short Blades   | |  2.0
Armour         | |  0.9
Dodging        | |  0.8

Action                   || total
-------------------------++-------
Melee: Dagger            ||    78
 Fire: Blowgun           ||     6
 Abil: Dig               ||     4
  Use: Scroll            ||     1
 Stab: Sleeping          ||     2
  Eat: Bread ration      ||     1
Armor: Robe              ||    12
       Leather armour    ||    36
Dodge: Dodged            ||    79
